Map: [TLMC15] Glittering Ashes

Players

DRG - Winner!

  • Race: Zerg Zerg
  • League: Master

Classic

  • Race: Protoss Protoss
  • League: Master

Event: StayAtHome Story Cup #4

VOD

Have the link to the VOD?

Description

Time

  • Played on: Oct. 22, 2021, 9:24 a.m.
  • Length: 8:25

All games in this series

Show
View Real Time Build Order
Export as new Build Order

DRG Zerg - Winner!

Build Orders: Hatch First 

Get SALT Encoding   

  12  0:00  Drone  
  13  0:13  Overlord  
  13  0:16  Drone  
  14  0:31  Drone x2  
  16  0:48  Hatchery  
  15  0:51  Drone  
  15  0:54  Drone  
  17  0:57  Drone  
  18  1:09  Extractor  
  17  1:13  Spawning Pool  
  17  1:16  Drone  
  17  1:19  Drone  
  18  1:29  Drone  
  19  1:40  Drone  
  20  1:50  Overlord  
  20  2:00  Queen x2  
  24  2:01  Zergling x4  
  26  2:11  Drone  
  26  2:12  Drone  
  26  2:14  Metabolic Boost  
  28  2:22  Drone  
  29  2:24  Drone  
  30  2:32  Drone  
  30  2:33  Drone  
  32  2:41  Hatchery  
  31  2:47  Queen  
  31  2:51  Overlord  
  33  2:53  Drone  
  33  2:55  Drone  
  33  2:57  Drone  
  35  3:05  Overlord  
  35  3:10  Drone x4  
  39  3:16  Queen  
  39  3:19  Drone  
  42  3:20  Zergling x2  
  42  3:26  Queen  
  45  3:28  Drone  
  45  3:30  Drone  
  47  3:36  Spore Crawler  
  47  3:37  Zergling x2  
  47  3:40  Drone x2  
  47  3:41  Drone  
  50  3:42  Zergling x2  
  50  3:48  Overlord  
  51  3:51  Spore Crawler  
  51  3:53  Queen  
  53  3:55  Drone  
  53  3:56  Drone  
  53  4:00  Drone x2  
  53  4:02  Drone  
  57  4:04  Overlord  
  57  4:08  Overlord  
  57  4:10  Overlord  
  57  4:14  Evolution Chamber  
  57  4:16  Overlord  
  56  4:18  Drone  
  56  4:20  Overlord  
  56  4:23  Drone  
  58  4:24  Drone  
  58  4:26  Zergling x2  
  58  4:27  Drone x2  
  62  4:34  Drone x4  
  62  4:36  Zergling x2  
  62  4:37  Zergling x2  
  68  4:42  Spore Crawler  
  68  4:44  Drone x2, Zerg Melee Weapons Level 1  
  69  4:46  Overlord  
  69  4:48  Drone  
  69  4:51  Drone  
  71  4:53  Drone  
  71  4:55  Drone x3  
  71  4:56  Drone  
  76  5:01  Extractor  
  76  5:02  Baneling Nest  
  76  5:03  Queen  
  76  5:06  Queen  
  78  5:08  Zergling x2  
  79  5:17  Drone  
  79  5:20  Overlord  
  79  5:23  Zergling x2  
  79  5:24  Zergling x6  
  79  5:28  Overlord  
  82  5:31  Hatchery  
  82  5:33  Queen  
  83  5:36  Overlord  
  83  5:38  Zergling x6  
  83  5:39  Queen  
  83  5:42  Queen  
  90  5:46  Baneling  
  90  5:47  Baneling x5  
  90  5:48  Baneling  
  89  5:52  Zergling x4  
  89  5:55  Zergling x4  
  93  5:57  Zergling x2  
  92  6:07  Zergling x12  
  93  6:12  Zergling x8  
  93  6:14  Zergling x2  
  93  6:15  Zergling x2  
  98  6:18  Zergling x6  
  98  6:23  Zergling x8  
  105  6:27  Zergling x4  
  107  6:32  Zergling x2  
  107  6:33  Zergling x4  
  107  6:35  Lair  
  107  6:39  Drone x3  
  110  6:42  Drone  
  111  6:48  Drone x4  
  111  6:49  Drone  
  116  6:55  Roach Warren  
  116  6:58  Drone  
  116  6:59  Drone x3  
  119  7:10  Extractor  
  119  7:11  Extractor x2  
  119  7:12  Extractor  
  119  7:14  Zergling x20  
  123  7:19  Zergling x8  
  123  7:20  Extractor  
  120  7:22  Zergling x2  
  120  7:23  Zergling x4  
  120  7:24  Zergling x2  
  120  7:28  Queen  
  112  7:30  Zergling x4  
  112  7:35  Zergling x10  
  111  7:38  Baneling x5  
  111  7:43  Roach x3  
  117  7:46  Roach  
  117  7:47  Zergling x4  
  117  7:50  Baneling x3  
  121  7:53  Zergling x6  
  121  7:58  Zergling x6  
  127  8:01  Zergling x4  
  129  8:06  Ravager x4  
Show
View Real Time Build Order
Export as new Build Order

Classic Protoss 

Build Orders: 1 Gate Expand, Oracle Opening 

Get SALT Encoding   

  12  0:00  Probe  
  13  0:12  Probe  
  14  0:20  Pylon  
  14  0:24  Probe  
  15  0:38  Probe (Chrono Boost)  
  15  0:41  Gateway  
  16  0:47  Probe (Chrono Boost)  
  16  0:48  Assimilator  
  17  0:52  Probe (Chrono Boost)  
  18  1:04  Probe  
  19  1:16  Probe  
  20  1:25  Nexus  
  20  1:28  Probe  
  21  1:39  Cybernetics Core  
  21  1:42  Probe  
  22  1:47  Assimilator  
  22  1:53  Pylon  
  22  1:56  Probe  
  23  2:11  Probe  
  23  2:12  Adept (Chrono Boost)  
  24  2:19  Stargate  
  26  2:24  Probe (Chrono Boost)  
  26  2:26  Warp Gate  
  27  2:35  Probe (Chrono Boost), Adept  
  30  2:39  Probe (Chrono Boost)  
  30  2:44  Probe (Chrono Boost)  
  32  2:46  Probe (Chrono Boost)  
  32  2:51  Probe x2 (Chrono Boost)  
  35  3:00  Oracle (Chrono Boost)  
  35  3:02  Probe  
  35  3:03  Probe  
  40  3:06  Pylon  
  40  3:09  Adept  
  42  3:14  Probe  
  42  3:15  Probe  
  44  3:20  Gateway  
  44  3:25  Void Ray (Chrono Boost)  
  44  3:26  Probe  
  45  3:28  Probe  
  50  3:35  Pylon  
  51  3:41  Probe x2  
  52  3:50  Gateway  
  52  3:51  Twilight Council  
  52  3:55  Assimilator, Probe  
  52  3:56  Probe  
  54  4:08  Probe x2  
  56  4:10  Pylon  
  56  4:17  Assimilator  
  56  4:19  Adept x2  
  56  4:21  Resonating Glaives (Chrono Boost)  
  60  4:26  Pylon x2  
  60  4:36  Robotics Facility  
  60  4:45  Adept x3  
  66  4:52  Pylon  
  66  4:55  Gateway  
  66  4:56  Gateway  
  66  4:59  Gateway  
  66  5:07  Adept x3  
  72  5:16  Pylon  
  72  5:24  Immortal  
  72  5:28  Adept x2  
  78  5:29  Adept  
  82  5:42  Gateway  
  81  5:50  Adept  
  81  5:51  Adept x4  
  91  5:59  Pylon  
  73  6:11  Immortal (Chrono Boost)  
  73  6:13  Sentry x5  
  77  6:21  Sentry  
  77  6:24  Gateway  
  79  6:26  Gateway  
  69  6:41  Adept x5  
  69  6:45  Warp Prism (Chrono Boost)  
  79  6:53  Sentry  
  83  7:05  Sentry  
  83  7:06  Sentry, Adept x2  
  83  7:08  Adept  
  93  7:16  Pylon  
  87  7:28  Adept x6  
  85  7:32  Adept  
  85  7:34  Sentry  
  85  7:56  Sentry, Adept x6  
  99  8:00  Adept  
  101  8:17  Adept x4  
  101  8:18  Sentry  
Tags
 
Add a new tag
Caveats
  • Supply blocks, unpowered buildings, or Contaminate may cause inaccurate times.
  • Supply counts are checked every 10 seconds.